 Dungeon Crawl Stone Soup version 0.26-a0-667-g92642533e4 (webtiles) character file.

Game seed: 13704298995192470852

29 robertstho the Bolt Thrower (level 3, 0/33 HPs)
             Began as a Kobold Hunter on Oct 16, 2020.
             Slain by an orc priest
             ... wielding a +0 hand axe of draining
              (1 damage)
             ... on level 1 of the Dungeon.
             The game lasted 00:01:56 (813 turns).

robertstho the Bolt Thrower (Kobold Hunter)          Turns: 813, Time: 00:01:56

Health: 0/33       AC: 21    Str: 10    XL:     3   Next: 32%
Magic:  3/3        EV:  3    Int: 12    God:
Gold:   78         SH:  0    Dex: 15    Spells: 2/2 levels left

rFire    . . .     SeeInvis .   a - +1 hand crossbow
rCold    + . .     Faith    .   (shield restricted)
rNeg     + + +     Spirit   .   (armour currently unavailable)
rPois    +         Reflect  .   (helmet currently unavailable)
rElec    .         Harm     .   (cloak currently unavailable)
rCorr    .         Rampage  .   (gloves currently unavailable)
MR       .....     NoTele   +   (boots currently unavailable)
Stlth    +++.......             (no amulet)
HPRegen  0.11/turn              i - ring of protection from cold (curse)
MPRegen  0.08/turn              (no ring)

@: tree-form, slowed, lightly drained, very slow
A: small, nightstalker 3
a: no special abilities


You were on level 1 of the Dungeon.
You were a tree.
You visited 1 branch of the dungeon, and saw 2 of its levels.

You collected 78 gold pieces.

Inventory:

Hand Weapons
 a - a +1 hand crossbow (weapon)
 b - a +0 short sword
Missiles
 d - a bolt (quivered)
Armour
 c - a +0 leather armour (melded)
Jewellery
 i - a cursed ring of protection from cold (left branch)
Scrolls
 f - a scroll of random uselessness {unknown}
 g - a scroll of immolation {unknown}
 h - a scroll of fog {unknown}
Potions
 j - a potion of lignification


   Skills:
 * Level 2.6(2.1) Fighting
 * Level 5.5(4.9) Crossbows
 + Level 0.1(0.0) Armour
 + Level 2.7(2.2) Dodging
 * Level 1.7(1.2) Stealth


You had 2 spell levels left.
You didn't know any spells.
Your spell library was empty.

Dungeon Overview and Level Annotations

Branches:
Dungeon (2/15)

Altars:


Innate Abilities, Weirdness & Mutations

You are small and have problems with some larger weapons.
You are completely attuned to the shadows.


Message History

Aim: an orc priest, wielding a +0 hand axe of draining (moderately wounded)
You shoot a bolt.
The bolt hits the orc priest but does no damage.
The orc priest is moderately wounded.
The orc wizard points at you and mumbles some strange words.
The magic dart hits you but does no damage.
The orc hits you but does no damage.
The orc priest hits you but does no damage.
The orc wizard barely misses you. The orc barely misses you.
Firing (i - inventory)
d - 2 bolts (quivered)
Press: ? - help, Shift-Dir - straight line, f/p - orc priest
Aim: an orc priest, wielding a +0 hand axe of draining (moderately wounded)
You shoot a bolt. The bolt hits the orc priest.
The orc priest is severely wounded.
The orc wizard hits you but does no damage.
The orc priest begins to cast a cantrip, but forgets the words!
The orc wizard points at you and mumbles some strange words.
You resist with significant effort. The orc barely misses you.
The orc priest hits you with a +0 hand axe of draining.
You die...

#.# #.#.#.# #.# #.##..#♣♣♣♣♣
##### #.# #.##.....♣.♣ ♣♣♣♣♣♣
#...## #.# #.##.....♣.♣♣♣♣.♣♣..
.###.####.## #.##.##.♣...♣....♣♣.
.#.†.†.....# #.....#♣.♣♣...<....♣
.#.#†####..###.##.##♣♣♣♣.♣...♣♣♣♣
#...## #......o.o# ♣♣..♣♣.♣ ♣
##.## ######.#♣### ♣♣♣♣♣♣♣
#.###########.#o..#
#.##........#.#####
#.##.######.#..# ### #.##.#
#.##.# #.# ### #.##.# #.##.###.#
#.# # ##....### ##........# #.# #
........# #.....###.# #.# #
#####.#.# #.#######.## #.# #


You could see an orc priest, an orc wizard (fast) and an orc.

Vanquished Creatures
  6 goblins (D:1)
  3 hobgoblins (D:1)
  4 jackals (D:1)
  A kobold (D:1)
  A ball python (D:1)
  5 bats (D:1)
  4 frilled lizards (D:1)
  4 rats (D:1)
28 creatures vanquished.

Notes
Turn   | Place    | Note
-------+----------+-------------------------------------------
     0 | D:1      | robertstho the Kobold Hunter began the quest for the Orb.
     0 | D:1      | Reached XP level 1. HP: 12/12 MP: 1/1
   133 | D:1      | Reached skill level 5 in Crossbows
   140 | D:1      | Reached XP level 2. HP: 18/18 MP: 2/2
   461 | D:1      | Reached XP level 3. HP: 21/22 MP: 3/3
   810 | D:1      | HP: 1/33 [orc priest/+0 hand axe of draining (1)]
   813 | D:1      | Slain by an orc priest

Illustrated notes

Levels and vault maps discovered:
D:1:      roderic_dead_forest, layout_loops_ring
D:2:      layout_basic, overflow_temple_1_default,
          gammafunk_temple_overflow_pools, grunt_ministairs_5

Skill      XL: |  1 |
---------------+----+-----
Crossbows      | 5 |  5.5
Fighting       | |  2.6
Armour         | |  0.1
Dodging        | |  2.7
Stealth        | |  1.7

Action                   || total
-------------------------++-------
Melee: Short sword       ||     5
 Fire: Hand crossbow     ||    58
  Use: Potion            ||     2
Armor: Leather armour    ||     6
       Skin              ||    16
Dodge: Dodged            ||    33

Table legend: (Time is in decaauts)
 A = Elapsed time spent in this place.
 B = Non-inter-level travel time spent in this place.
 C = Inter-level travel time spent in this place.
 D = Time resting spent in this place.
 E = Time spent auto-exploring this place.
 F = Levels seen in this place.
 G = Mean time per level.
                   A        B        C        D        E       F      G
               +--------+--------+--------+--------+--------+-----+--------+
         Total |    826 |    804 |     22 |      0 |    672 |   2 |  413.0 |
       Dungeon |    826 |    804 |     22 |      0 |    672 |   2 |  413.0 |
               +--------+--------+--------+--------+--------+-----+--------+

Top non-repeatable levels by time:
     D:1: 821 daAuts
     D:2: 5 daAuts
